Map: Gresvan LE

Players

MaNa

  • Race: Protoss Protoss
  • Spawn Location: 11:00

DRG - Winner!

  • Race: Zerg Zerg
  • Spawn Location: 5:00

Event: ESL SC2 Masters 2023 Summer (Finals)

VOD

Have the link to the VOD?

Description

Time

  • Played on: June 16, 2023, 7:17 a.m.
  • Length: 13:47

All games in this series

Show
View Real Time Build Order
Export as new Build Order

MaNa Protoss 

Build Orders: 1 Gate Expand, Oracle Opening, Zealot Archon 

Get SALT Encoding   

  12  0:00  Probe  
  13  0:12  Probe  
  14  0:20  Pylon  
  14  0:24  Probe  
  15  0:38  Probe (Chrono Boost)  
  16  0:44  Gateway  
  16  0:47  Probe (Chrono Boost)  
  17  0:52  Probe (Chrono Boost), Assimilator  
  18  1:04  Probe (Chrono Boost)  
  19  1:13  Probe (Chrono Boost)  
  20  1:18  Probe (Chrono Boost)  
  21  1:30  Nexus  
  21  1:40  Cybernetics Core  
  21  1:43  Probe  
  22  1:49  Assimilator  
  22  1:54  Pylon  
  22  1:57  Probe  
  23  2:12  Probe  
  24  2:16  Adept (Chrono Boost), Stargate  
  26  2:25  Probe  
  26  2:28  Warp Gate  
  27  2:36  Pylon  
  27  2:37  Probe  
  28  2:39  Adept  
  28  2:43  Probe (Chrono Boost)  
  32  2:54  Probe (Chrono Boost)  
  32  2:55  Probe (Chrono Boost)  
  33  2:59  Oracle (Chrono Boost)  
  33  3:04  Probe (Chrono Boost)  
  37  3:08  Probe  
  37  3:09  Adept  
  40  3:13  Probe  
  40  3:15  Gateway  
  41  3:20  Probe  
  41  3:21  Pylon  
  41  3:25  Probe  
  43  3:32  Probe  
  44  3:38  Probe  
  44  3:39  Oracle  
  48  3:44  Probe  
  48  3:47  Pylon  
  49  3:50  Probe  
  50  3:56  Probe  
  50  3:58  Nexus  
  51  4:04  Twilight Council  
  51  4:05  Probe  
  52  4:12  Probe (Chrono Boost)  
  53  4:17  Probe (Chrono Boost), Forge, Assimilator  
  55  4:24  Stalker  
  55  4:25  Probe (Chrono Boost)  
  55  4:28  Probe (Chrono Boost)  
  55  4:30  Probe (Chrono Boost)  
  59  4:32  Probe (Chrono Boost), Pylon  
  59  4:35  Charge  
  59  4:36  Gateway  
  60  4:40  Gateway  
  60  4:43  Protoss Ground Weapons Level 1 (Chrono Boost)  
  60  4:47  Probe  
  60  4:48  Probe  
  59  4:58  Zealot x2  
  59  4:59  Probe  
  64  5:00  Probe  
  65  5:08  Gateway  
  65  5:10  Probe  
  65  5:11  Probe  
  65  5:12  Probe  
  68  5:18  Zealot x2  
  72  5:22  Probe  
  72  5:23  Photon Cannon  
  72  5:24  Probe x2  
  75  5:34  Probe  
  76  5:38  Zealot x3  
  76  5:39  Zealot  
  76  5:42  Robotics Facility  
  84  5:46  Pylon  
  84  5:53  Nexus  
  84  6:00  Pylon  
  84  6:04  Zealot x4  
  84  6:09  Probe, Assimilator  
  93  6:18  Probe  
  94  6:21  Templar Archives  
  94  6:22  Pylon, Gateway  
  94  6:25  Zealot x3  
  100  6:37  Probe  
  99  6:42  Probe  
  99  6:43  Probe  
  93  6:48  Immortal (Chrono Boost)  
  93  6:49  Probe  
  93  6:51  Robotics Bay  
  96  6:54  Probe  
  96  6:55  Probe, Stalker x3  
  96  6:56  Zealot  
  96  6:59  Shield Battery  
  98  7:01  Probe, Gateway  
  98  7:06  Probe, Shield Battery  
  100  7:17  Photon Cannon  
  100  7:18  High Templar x4, Photon Cannon  
  100  7:19  Zealot x2  
  100  7:20  Shield Battery  
  112  7:22  Archon  
  112  7:23  Archon  
  112  7:31  Probe x4  
  112  7:34  Gateway  
  112  7:35  Disruptor (Chrono Boost)  
  116  7:38  Gateway  
  119  7:47  Probe x4, Assimilator  
  119  7:48  Assimilator  
  123  7:55  Assimilator  
  123  7:57  Protoss Ground Weapons Level 2  
  123  7:59  Probe  
  123  8:00  Assimilator  
  123  8:03  Gateway  
  123  8:04  Gateway  
  123  8:05  Pylon x2  
  124  8:06  Gateway  
  124  8:10  Probe x2  
  124  8:15  Pylon  
  124  8:18  Gateway  
  124  8:19  Gateway  
  124  8:23  Probe x2  
  124  8:24  Immortal (Chrono Boost)  
  126  8:30  High Templar x2  
  126  8:32  Probe x2 (Chrono Boost)  
  136  8:35  Probe x2 (Chrono Boost)  
  127  8:44  Probe x2 (Chrono Boost)  
  127  8:46  Oracle  
  127  8:47  Probe x2 (Chrono Boost), High Templar x2  
  138  8:51  Probe x2 (Chrono Boost)  
  138  8:53  Archon  
  140  8:59  Immortal, Shield Battery  
  142  9:05  High Templar  
  142  9:06  High Templar  
  142  9:22  Archon  
  142  9:23  Stalker x5  
  132  9:31  Zealot  
  132  9:32  Zealot x3  
  140  9:39  Blink (Chrono Boost)  
  140  9:40  Photon Cannon  
  140  9:41  Pylon  
  140  9:45  Pylon, Photon Cannon  
  140  9:47  Gateway  
  140  9:49  Gateway  
  140  9:51  Pylon  
  140  9:52  Photon Cannon  
  140  9:53  Photon Cannon  
  140  9:58  Disruptor  
  143  10:03  Sentry  
  143  10:04  Stalker  
  143  10:05  Stalker  
  140  10:10  Stalker x3  
  140  10:11  Zealot x5, Stalker  
  140  10:12  Probe x3 (Chrono Boost)  
  151  10:18  Probe (Chrono Boost)  
  136  10:24  Probe x2 (Chrono Boost)  
  136  10:25  Probe (Chrono Boost)  
  136  10:30  Probe (Chrono Boost)  
  136  10:32  Probe (Chrono Boost)  
  136  10:33  Probe (Chrono Boost)  
  137  10:35  Assimilator  
  137  10:36  High Templar x3, Disruptor  
  137  10:37  Probe, High Templar  
  137  10:40  Archon  
  137  10:41  Probe  
  137  10:42  Probe  
  151  10:43  Probe, Archon  
  151  10:49  Probe  
  149  10:51  Stalker  
  149  10:52  Stalker  
  149  10:53  Probe  
  149  10:54  Probe  
  149  10:55  Probe  
  148  11:01  Probe (Chrono Boost)  
  148  11:03  High Templar  
  148  11:04  High Templar  
  145  11:06  Probe (Chrono Boost)  
  145  11:07  Probe (Chrono Boost)  
  145  11:10  Probe (Chrono Boost), Archon  
  148  11:12  Disruptor  
  148  11:13  Probe (Chrono Boost)  
  152  11:25  Assimilator  
  143  11:35  Stalker x9  
  143  11:38  Probe x4  
  106  11:50  Probe (Chrono Boost)  
  106  11:51  Probe (Chrono Boost)  
  106  11:55  Probe (Chrono Boost)  
  106  11:59  Probe (Chrono Boost)  
  108  12:02  Probe x2 (Chrono Boost)  
  108  12:04  Disruptor  
  108  12:05  Probe (Chrono Boost)  
  108  12:07  Probe x2 (Chrono Boost)  
  110  12:19  High Templar x2  
  114  12:24  Archon  
  114  12:27  High Templar x2  
  114  12:28  Pylon  
  118  12:35  Archon  
  118  12:41  Probe (Chrono Boost)  
  118  12:42  Nexus, Stalker  
  111  12:46  Probe x2 (Chrono Boost)  
  108  12:54  Probe (Chrono Boost)  
  109  12:58  Probe (Chrono Boost)  
  109  13:00  High Templar  
  109  13:01  High Templar  
  112  13:06  Archon  
  88  13:30  Probe x3  
  88  13:33  High Templar  
  93  13:34  High Templar  
  93  13:39  Archon  
Show
View Real Time Build Order
Export as new Build Order

DRG Zerg - Winner!

Build Orders: Hatch First 

Get SALT Encoding   

  12  0:00  Drone  
  13  0:10  Drone  
  14  0:16  Overlord  
  14  0:40  Hatchery  
  13  0:44  Drone  
  13  0:48  Drone  
  15  0:52  Drone  
  16  0:59  Drone  
  17  1:07  Drone  
  18  1:13  Extractor  
  18  1:17  Spawning Pool  
  16  1:19  Drone  
  17  1:27  Drone  
  18  1:39  Drone  
  19  1:49  Drone  
  19  1:52  Drone  
  21  1:59  Overlord  
  21  2:03  Queen  
  21  2:04  Queen, Zergling x2  
  26  2:10  Zergling x2  
  26  2:13  Drone  
  28  2:19  Metabolic Boost  
  28  2:22  Drone  
  29  2:26  Drone  
  30  2:32  Drone  
  31  2:44  Hatchery  
  30  2:45  Queen  
  30  2:50  Overlord  
  32  2:52  Drone  
  32  2:55  Drone  
  32  2:57  Drone  
  35  2:59  Drone  
  36  3:07  Overlord  
  36  3:10  Queen  
  38  3:14  Drone  
  38  3:17  Drone x2  
  38  3:19  Drone  
  42  3:20  Drone  
  42  3:26  Queen  
  45  3:28  Drone  
  45  3:33  Drone x2  
  48  3:45  Drone x2  
  50  3:48  Queen  
  50  3:54  Spore Crawler  
  50  3:55  Queen  
  51  3:58  Drone x3  
  51  4:01  Overlord, Evolution Chamber  
  55  4:09  Drone  
  55  4:10  Drone  
  55  4:12  Drone  
  55  4:13  Drone x3  
  58  4:18  Overlord  
  58  4:20  Drone x4  
  58  4:22  Overlord  
  62  4:27  Zerg Melee Weapons Level 1  
  62  4:29  Drone x2  
  64  4:33  Drone x2  
  64  4:36  Drone x2  
  68  4:39  Drone  
  68  4:43  Drone x2  
  71  4:49  Drone x2  
  73  4:53  Overlord  
  73  4:57  Overlord, Zergling x2  
  74  5:00  Hatchery  
  74  5:01  Lair  
  74  5:05  Roach Warren  
  74  5:06  Extractor  
  71  5:07  Extractor  
  71  5:08  Drone  
  71  5:09  Drone x3  
  71  5:11  Drone  
  75  5:15  Drone x3  
  75  5:16  Drone  
  79  5:21  Drone  
  79  5:22  Spore Crawler  
  79  5:23  Drone x2, Spore Crawler  
  79  5:24  Drone  
  81  5:29  Zergling x12  
  87  5:37  Extractor  
  87  5:38  Extractor, Overlord x2  
  87  5:39  Overlord  
  87  5:42  Overlord  
  85  5:46  Overlord  
  85  5:49  Overlord  
  85  5:51  Baneling Nest  
  85  5:53  Overlord  
  85  5:54  Overlord  
  84  5:57  Overlord  
  84  6:00  Drone x3  
  84  6:01  Drone x3  
  84  6:02  Glial Reconstitution  
  90  6:04  Roach  
  90  6:05  Roach  
  94  6:13  Drone  
  94  6:14  Drone x6  
  101  6:21  Roach x4  
  109  6:28  Roach x3  
  109  6:30  Roach x3  
  120  6:38  Roach  
  120  6:39  Roach x4  
  128  6:44  Roach x2  
  125  6:50  Zergling x10  
  124  6:54  Zerg Melee Weapons Level 2  
  124  6:59  Drone x2  
  122  7:01  Drone x2  
  122  7:04  Zergling x2  
  122  7:08  Centrifugal Hooks  
  125  7:14  Zergling x12  
  131  7:25  Baneling x8  
  131  7:27  Zergling x10  
  131  7:28  Spore Crawler  
  135  7:33  Drone x2  
  135  7:34  Infestation Pit  
  135  7:35  Overlord x2  
  136  7:40  Drone x6  
  142  7:45  Overlord  
  142  7:46  Overlord x2  
  142  7:49  Zergling x8  
  145  7:54  Roach x3  
  145  7:58  Zergling x10  
  155  8:04  Overlord  
  155  8:07  Zergling x14  
  155  8:12  Hive  
  161  8:13  Zergling x8  
  165  8:21  Zergling x6  
  167  8:27  Zergling x10  
  167  8:28  Zergling x10  
  170  8:44  Extractor  
  170  8:45  Extractor, Drone x4  
  170  8:46  Drone x2  
  174  8:49  Zergling x2  
  174  8:50  Zergling x10  
  174  8:51  Hatchery  
  179  8:56  Baneling x17  
  179  8:57  Zergling x16  
  186  9:05  Evolution Chamber  
  184  9:11  Zerg Missile Weapons Level 1  
  177  9:22  Zergling x26  
  168  9:25  Adrenal Glands  
  168  9:29  Zergling x18  
  172  9:35  Zerg Melee Weapons Level 3  
  172  9:37  Viper  
  172  9:38  Viper  
  178  9:39  Baneling x7  
  178  9:40  Baneling x4  
  178  9:42  Zergling x10  
  183  9:46  Zergling x6  
  183  9:47  Baneling x3  
  183  9:48  Baneling x2  
  185  9:57  Zergling x20  
  185  9:59  Baneling  
  190  10:00  Baneling x5  
  186  10:11  Zergling x16  
  177  10:16  Baneling x6  
  164  10:24  Zergling x28  
  164  10:27  Baneling x8  
  177  10:35  Zergling x8  
  177  10:36  Zergling x4  
  179  10:47  Zergling x26  
  188  10:51  Baneling x9  
  188  10:52  Baneling x4  
  188  10:53  Zergling x6  
  183  11:01  Zergling x6  
  183  11:02  Zergling x8  
  184  11:07  Drone x4  
  188  11:12  Baneling x11  
  188  11:14  Zergling x4  
  188  11:17  Hatchery  
  188  11:18  Zergling x8  
  182  11:36  Zergling x2  
  182  11:37  Zergling x32  
  175  11:40  Zergling x2  
  175  11:41  Zergling x4  
  153  11:49  Roach x10  
  153  11:52  Roach x2  
  149  11:57  Roach x4  
  157  12:04  Zergling x2  
  157  12:05  Zergling x8  
  162  12:12  Zergling x16  
  168  12:21  Baneling x11  
  168  12:22  Zergling x10  
  170  12:28  Roach x5  
  174  12:38  Zergling x20  
  177  12:45  Zergling x10  
  177  12:49  Baneling x19  
  177  12:51  Roach  
  176  12:59  Zergling x18  
  176  13:01  Baneling x3  
  176  13:02  Baneling x5  
  185  13:11  Zergling x20  
  171  13:19  Zergling x20  
  165  13:22  Zergling x6  
  165  13:24  Roach  
  167  13:37  Spire  
Tags
 
Add a new tag
Caveats
  • Supply blocks, unpowered buildings, or Contaminate may cause inaccurate times.
  • Supply counts are checked every 10 seconds.